 Dungeon Crawl Stone Soup version 0.27-a0-883-g39567a0c06 (webtiles) character file.

Game seed: 526560344727450325

296 HELP the Sneak (level 6, 0/38 HPs)
             Began as an Octopode Transmuter on Apr 3, 2021.
             Slain by a jackal (2 damage)
             ... on level 4 of the Dungeon.
             The game lasted 00:17:42 (4264 turns).

HELP the Sneak (Octopode Transmuter)                Turns: 4264, Time: 00:17:42

Health: 0/38       AC:  1    Str:  9    XL:     6   Next: 34%
Magic:  9/11       EV: 13    Int: 17    God:
Gold:   140        SH:  0    Dex: 13    Spells: 6/12 levels left

rFire    . . .     SeeInvis .   a - +2 short sword (venom)
rCold    . . .     Faith    .   (no shield)
rNeg     + . .     Spirit   .   (helmet currently unavailable)
rPois    .         Reflect  .   (no amulet)
rElec    .         Harm     .   b - ring of positive energy
rCorr    .         Rampage  .   (no ring)
Will     .....                  (no ring)
Stlth    ++++......             (no ring)
HPRegen  0.12/turn              (no ring)
MPRegen  0.12/turn              (no ring)
                                (no ring)
                                (no ring)

@: appendages, wereblooded
A: tentacle spike 3, almost no armour, amphibious, 8 rings, camouflage 1,
gelatinous body 1, (nimble swimmer 1), tentacles
a: End Transformation


You were on level 4 of the Dungeon.
One of your tentacles had grown a beastly spike.
You visited 1 branch of the dungeon, and saw 4 of its levels.

You collected 140 gold pieces.

Inventory:

Hand Weapons
 a - a +2 short sword of venom (weapon)
Missiles
 c - 25 sling bullets
 f - 34 arrows
 h - 35 bolts
Jewellery
 b - a ring of positive energy (left tentacle)
Scrolls
 d - a scroll of identify {unknown}
 e - a scroll of brand weapon {unknown}
 g - a scroll of fear {unknown}
 i - a scroll of amnesia {unknown}
 k - a scroll of magic mapping {unknown}
 n - a scroll of torment {unknown}
 o - a scroll of immolation {unknown}
Potions
 j - a potion of heal wounds
 l - 3 potions of brilliance {unknown}
 m - a potion of attraction {unknown}
 p - a potion of curing {unknown}


   Skills:
 - Level 1.0 Fighting
 - Level 2.0 Dodging
 + Level 4.5 Stealth
 - Level 3.0 Unarmed Combat
 + Level 3.6 Spellcasting
 * Level 4.3 Transmutations


You had 6 spell levels left.
You knew the following spells:

 Your Spells              Type           Power      Damage    Failure   Level
a - Beastly Appendage     Tmut           34%        N/A       2%          1
s - Spider Form           Tmut/Pois      5%         N/A       21%         3
w - Wereblood             Tmut           17%        N/A       4%          2

Your spell library contained the following spells:

 Spells                   Type           Power      Damage    Failure   Level
 Animate Skeleton         Necr           6%         N/A       17%         1
 Apportation              Tloc           6%         N/A       17%         1
 Corona                   Hex            3%         N/A       17%         1
 Summon Small Mammal      Summ           12%        N/A       17%         1
 Call Imp                 Summ           3%         N/A       26%         2
 Call Canine Familiar     Summ           3%         N/A       45%         3
 Summon Guardian Golem    Hex/Summ       3%         N/A       45%         3
 Ice Form                 Ice/Tmut       10%        N/A       54%         4
 Hydra Form               Tmut           8%         N/A       58%         5
 Summon Ice Beast         Ice/Summ       3%         N/A       86%         4
 Summon Lightning Spire   Summ/Air       3%         N/A       86%         4


Dungeon Overview and Level Annotations

Branches:
Dungeon (4/15)
 Temple: D:4-7

Altars:
Dithmenos
Uskayaw
Xom
Yredelemnul

Shops:
D:3 [   D:4 :(


Innate Abilities, Weirdness & Mutations

One of your tentacles has grown a beastly spike.
You cannot wear most types of armour.
You are amphibious.
You can wear up to eight rings at the same time.
Your skin changes colour to match your surroundings (Stealth+).
Your rubbery body absorbs attacks. (AC +1, EV +1)
((You are camouflaged near water. (Stealth+)))
You have tentacles for arms and can constrict up to eight enemies at once.


Message History

The jackal closely misses you.
The kobold hits you with a +0 short sword.
The jackal barely misses you.
You are too injured to fight recklessly!
You barely miss the jackal. Your grab misses the jackal.
You squeeze the jackal.
The jackal is heavily wounded.
The jackal bites you. The jackal barely misses you.
The kobold closely misses you. The jackal barely misses you.
The jackal misses you.
You hit the jackal.
You kill the jackal!
The kobold hits you with a +0 short sword.
The jackal closely misses you.
The kobold hits you with a +0 short sword.
* * * LOW HITPOINT WARNING * * *
The jackal closely misses you.
You see here a jackal corpse.
There are monsters nearby!
There are monsters nearby!
You barely miss the kobold. Your grab misses the kobold.
Your squeeze misses the kobold. The kobold misses you.
The jackal barely misses you.
The kobold hits you with a +0 short sword.
* * * LOW HITPOINT WARNING * * *
You hit the kobold.
You kill the kobold!
The jackal bites you.
* * * LOW HITPOINT WARNING * * *
The jackal bites you.
* * * LOW HITPOINT WARNING * * *
You closely miss the jackal. Your grab misses the jackal.
The jackal closely misses you.
You hit the jackal.
The jackal is poisoned.
You grab the jackal.
You pierce the jackal.
The jackal is severely wounded.
You constrict the jackal.
The jackal bites you but does no damage.
The jackal bites you.
You die...

....#
#..........#
....#
####+####.....#
....#
#.......#.#####
....#
#.8...8.#.#
....#
#.......#.#
#####
#...∩...#.#
#.......#.#
#.8...8.#.#
#..@)...#.#
####h####.#
#......#
########


You could see a jackal (very poisoned).

Vanquished Creatures
  A necrophage (D:4)
  A hound (D:4)
  4 gnolls (D:2)
  5 adders
  A worm (D:2)
  5 dart slugs
  3 orcs (D:3)
  12 bats
  4 endoplasms
  4 giant cockroaches
  2 goblins
  7 hobgoblins
  8 jackals
  4 quokkas
  5 ball pythons
  3 frilled lizards
  4 kobolds
  5 rats
78 creatures vanquished.

Notes
Turn   | Place    | Note
-------+----------+-------------------------------------------
     0 | D:1      | HELP the Octopode Transmuter began the quest for the Orb.
     0 | D:1      | Reached XP level 1. HP: 13/13 MP: 3/3
   144 | D:1      | Reached skill level 1 in Stealth
   202 | D:1      | Reached XP level 2. HP: 12/18 MP: 5/5
   205 | D:1      | Learned a level 2 spell: Wereblood
   956 | D:1      | Found a hide-covered altar of Uskayaw.
  1095 | D:1      | Found a faded altar of an unknown god.
  1245 | D:2      | Reached XP level 3. HP: 21/23 MP: 6/6
  1852 | D:2      | Reached XP level 4. HP: 10/28 MP: 6/8
  2258 | D:2      | Learned a level 3 spell: Spider Form
  2721 | D:2      | Reached XP level 5. HP: 33/33 MP: 7/9
  3325 | D:3      | Found Ruggicu's Antique Armour Shoppe.
  3921 | D:4      | Noticed a necrophage
  3932 | D:4      | Killed a necrophage
  3933 | D:4      | Reached XP level 6. HP: 24/38 MP: 9/11
  4172 | D:4      | Found Guicuq's Book Shoppe.
  4213 | D:4      | Found a hide-covered altar of Uskayaw.
  4214 | D:4      | Found a shadowy altar of Dithmenos.
  4221 | D:4      | Found a basalt altar of Yredelemnul.
  4221 | D:4      | Found a shimmering altar of Xom.
  4250 | D:4      | Found Ceucea's Antique Weapon Shoppe.
  4264 | D:4      | Slain by a jackal

Illustrated notes

Levels and vault maps discovered:
D:1:      onia_arrival_pentagram, layout_loops_ring, basic_ecumenical_altar,
          kennysheep_flooded_box, minmay_tromino_mix6
D:2:      layout_loops_ring, minmay_misc_feat_secret_circle
D:3:      layout_rooms, serial_shops, nicolae_shop_stone
D:4:      layout_rooms, chequers_temple_overflow_statue_of_worship,
          serial_shops, kennysheep_mini, chequers_serial_rivers_small_a,
          kennysheep_small_square

Skill      XL: |  1  2  3  4  5 |
---------------+----------------+-----
Stealth        | 1 2 3 4 |  4.5
Spellcasting   | 3 |  3.6
Transmutations | 3 4 |  4.3
Fighting       | |  1.0
Dodging        | |  2.0
Unarmed Combat | |  3.0

Action                   |  1- 3 |  4- 6 || total
-------------------------+-------+-------++-------
Melee: Unarmed           |    46 |       ||    46
       Constrict         |    26 |    26 ||    52
       Tentacles         |    12 |    19 ||    31
       Kick              |     5 |    17 ||    22
       Short sword       |    26 |    96 ||   122
       Punch             |       |     1 ||     1
 Cast: Beastly Appendage |    10 |    16 ||    26
       Wereblood         |     3 |     2 ||     5
  Use: Potion            |     1 |       ||     1
 Stab: Sleeping          |     8 |     2 ||    10
Armor: Skin              |     6 |     7 ||    13
Dodge: Dodged            |    66 |    73 ||   139

Table legend: (Time is in decaauts)
 A = Elapsed time spent in this place.
 B = Non-inter-level travel time spent in this place.
 C = Inter-level travel time spent in this place.
 D = Time resting spent in this place.
 E = Time spent auto-exploring this place.
 F = Levels seen in this place.
 G = Mean time per level.
                   A        B        C        D        E       F      G
               +--------+--------+--------+--------+--------+-----+--------+
         Total |   4272 |   4187 |     85 |   1003 |   2473 |   4 | 1068.0 |
       Dungeon |   4272 |   4187 |     85 |   1003 |   2473 |   4 | 1068.0 |
               +--------+--------+--------+--------+--------+-----+--------+

Top non-repeatable levels by time:
     D:2: 1611 daAuts
     D:1: 1441 daAuts
     D:3: 769 daAuts
     D:4: 451 daAuts
